 Dungeon Crawl Stone Soup version 0.24.0-41-g2ae2f7f1be (webtiles) character file.

Game seed: 16709938401913593711, levelgen mode: deterministic

461 DildoBatman the Conjurer (level 7, -6/46 HPs)
             Began as a Formicid Wizard on Dec 13, 2019.
             Shot with an arrow by a centaur (8 damage)
             ... on level 5 of the Dungeon.
             The game lasted 00:15:39 (6050 turns).

DildoBatman the Conjurer (Formicid Wizard)          Turns: 6050, Time: 00:15:40

Health: -6/46      AC:  3    Str: 12    XL:     7   Next: 28%
Magic:  0/11       EV: 12    Int: 19    God:
Gold:   157        SH:  0    Dex:  9    Spells: 5/12 levels left

rFire    . . .     SeeInvis +   b - +0 spear
rCold    . . .     Gourm    .   (no shield)
rNeg     . . .     Faith    .   j - +0 robe
rPois    .         Spirit   .   (helmet unavailable)
rElec    .         Reflect  .   g - +0 cloak
rCorr    .         Harm     .   (no gloves)
MR       .....                  (no boots)
Stlth    ++........             (no amulet)
HPRegen  0.15/turn              (no ring)
MPRegen  0.12/turn              (no ring)

@: very slightly contaminated
A: permanent stasis, dig shafts and tunnels, four strong arms, antennae 3
a: Dig, Shaft Self


You were on level 5 of the Dungeon.
You were not hungry.

You visited 1 branch of the dungeon, and saw 5 of its levels.

You collected 157 gold pieces.

Inventory:

Hand Weapons
 a - a +2 dagger of protection
 b - a +0 spear (weapon)
Missiles
 c - 37 sling bullets
 f - 72 stones (quivered)
 n - 15 bolts
 s - 68 arrows
Armour
 g - a +0 cloak (worn)
 j - a +0 robe (worn)
 y - a +0 shield
Wands
 l - a wand of paralysis (8)
 w - a wand of flame (14)
Scrolls
 d - 3 scrolls of amnesia
 e - a scroll of noise {unknown}
 i - a scroll of magic mapping {unknown}
 m - a scroll of immolation
 t - a scroll of enchant armour {unknown}
 u - a scroll of fear {unknown}
 x - 3 scrolls of remove curse
Potions
 h - a potion of cancellation {unknown}
 k - a potion of flight {unknown}
 o - 2 potions of curing {unknown}
 p - a potion of degeneration {unknown}
 q - a potion of heal wounds
 A - a potion of lignification {unknown}
Comestibles
 v - 12 rations


   Skills:
 - Level 1.7 Dodging
 - Level 2.4 Stealth
 - Level 3.2 Spellcasting
 - Level 6.0 Conjurations
   Level 1.0 Summonings
   Level 0.8 Translocations
 * Level 1.6 Fire Magic
 * Level 1.3 Air Magic


You had 5 spell levels left.
You knew the following spells:

 Your Spells              Type           Power        Failure   Level  Hunger
a - Conjure Flame         Conj/Fire      ###.....     10%         3    ###....
c - Magic Dart            Conj           ####         1%          1    None
e - Mephitic Cloud        Conj/Pois/Air  ##......     16%         3    ###....

Your spell library contained the following spells:

 Spells                   Type           Power        Failure   Level  Hunger
 Call Imp                 Summ           #.......     16%         2    ##.....
 Slow                     Hex            #.......     22%         2    ##.....
 Blink                    Tloc           Unusable     N/A         2    N/A

Dungeon Overview and Level Annotations

Branches:
Dungeon (5/15)
 Temple: D:4-7

Altars:
Fedhas
Gozag
Makhleb
Qazlal
Ru
Xom
Zin
The Shining One

Annotations:
D:1 Robin, Terence
D:2 exclusions: phantom and 2 more exclusions
D:3 1 exclusion, Menkaure


Innate Abilities, Weirdness & Mutations

You cannot be hasted, slowed, berserked, paralysed or teleported.
You can dig through walls and to a lower floor.
Your four strong arms can wield two-handed weapons with a shield.
You have a pair of large antennae on your head. (SInv)


Message History

The arrow burns you.
You don't have the energy to cast that spell.
You eat one of the 13 rations.
That ration really hit the spot!
The centaur shoots an arrow.
The arrow hits you! The arrow burns you.
Casting: Mephitic Cloud (safe; 16% risk of failure)
Confirm with . or Enter, or press ? or * to list all spells.
Aiming: Mephitic Cloud (safe; 16% risk of failure)
Press: ? - help, Shift-Dir - straight line, f/p - ogre
Aim: an ogre, wielding a +0 giant club (moderately wounded)
The ball explodes into a vile cloud!
The stinking cloud engulfs the ogre but does no damage.
The ogre is moderately wounded.
The stinking cloud engulfs the centaur but does no damage.
You hear a shout!
The centaur shoots an arrow.
The arrow hits you!
You die...

.. #.## ###..##
#.....#
####.....###
###.##.....#.#
##.c.##.....^.#
#..#O☼@......##
{
#.#####..<....#
#.# ####.#...#
#.# #.# ....
..# #.# ## ..#
#.# #O.# #.# {
.... #.# c...
...


You could see an ogre and a centaur.

Vanquished Creatures
  A scorpion (D:3)
  A hound (D:2)
  2 orc wizards (D:3)
  A bullfrog skeleton (D:3)
  An iguana (D:4)
  A worker ant (D:3)
  A killer bee zombie (D:5)
  A hound zombie (D:5)
  7 adders
  3 worms
  3 dart slugs
  4 leopard geckos
  18 orcs
  4 giant cockroaches
  11 goblins
  17 hobgoblins
  8 jackals
  10 kobolds
  3 quokkas
  2 ball pythons
  5 bats
  7 frilled lizards
  A leopard gecko skeleton (D:4)
  A quokka skeleton (D:4)
  10 rats
  2 butterflies (D:4)
125 creatures vanquished.

Notes
Turn   | Place    | Note
-------+----------+-------------------------------------------
     0 | D:1      | DildoBatman the Formicid Wizard began the quest for the
                  | Orb.
     0 | D:1      | Reached XP level 1. HP: 13/13 MP: 4/4
    35 | D:1      | Reached skill level 1 in Conjurations
   235 | D:1      | Reached XP level 2. HP: 19/19 MP: 4/6
   325 | D:1      | Reached skill level 2 in Conjurations
   870 | D:1      | Reached XP level 3. HP: 24/24 MP: 4/7
   875 | D:1      | Learned a level 3 spell: Conjure Flame
   879 | D:1      | Learned a level 3 spell: Mephitic Cloud
  1553 | D:2      | Found a blossoming altar of Fedhas.
  1553 | D:2      | Found a stormy altar of Qazlal.
  1553 | D:2      | Found a glowing silver altar of Zin.
  1676 | D:2      | Found an opulent altar of Gozag.
  1702 | D:2      | Reached skill level 3 in Conjurations
  1866 | D:2      | Reached XP level 4. HP: 30/30 MP: 2/8
  1959 | D:2      | Found a burning altar of Makhleb.
  2163 | D:2      | Found a glowing golden altar of the Shining One.
  2165 | D:2      | Noticed Robin
  2237 | D:1      | Reached skill level 4 in Conjurations
  2237 | D:1      | Reached XP level 5. HP: 30/35 MP: 2/9
  3083 | D:2      | Noticed Terence
  3642 | D:3      | Reached skill level 5 in Conjurations
  3642 | D:3      | Reached XP level 6. HP: 18/41 MP: 0/10
  3830 | D:3      | Found a sacrificial altar of Ru.
  4493 | D:4      | Noticed a phantom
  4595 | D:3      | HP: 1/41 [poisoned by a scorpion]
  4869 | D:4      | Reached skill level 6 in Conjurations
  4907 | D:4      | Reached XP level 7. HP: 46/46 MP: 3/11
  5168 | D:3      | Reached skill level 1 in Fire Magic
  5168 | D:3      | Reached skill level 1 in Air Magic
  5288 | D:4      | Found a shimmering altar of Xom.
  5327 | D:4      | Noticed Menkaure
  5817 | D:4      | You fall into a shaft and drop 1 floor!
  5817 | D:5      | Entered Level 5 of the Dungeon
  6049 | D:5      | HP: 1/46 [centaur/arrow (5)]
  6050 | D:5      | Shot with an arrow by a centaur

Levels and vault maps discovered:
D:1:      kennysheep_arrival_forest, layout_basic
D:2:      layout_loops_ring, makhleb_blood_cavern_becter,
          overflow_temple_1_default, grunt_temple_overflow_open, uniq_robin,
          uniq_terence
D:3:      minmay_octagon_keep, layout_rooms, nicolae_ru_awakened_eye,
          minivault_26
D:4:      layout_cave_pools, xom_butterflies, first_ration, uniq_menkaure
D:5:      layout_rooms, led_sif_book

Skill      XL: |  1  2  3  4  5  6  7 |
---------------+----------------------+-----
Conjurations   | 1 2 3 4 5 6 |  6.0
Fire Magic     | 1 |  1.6
Air Magic      | 1 |  1.3
Dodging        | |  1.7
Stealth        | |  2.4
Spellcasting   | |  3.2
Summonings     | |  1.0
Translocations | |  0.8

Action                   |  1- 3 |  4- 6 |  7- 9 || total
-------------------------+-------+-------+-------++-------
Melee: Club              |    12 |       |       ||    12
       Short sword       |    11 |    15 |       ||    26
       Dagger            |       |    36 |    17 ||    53
       Spear             |       |       |    31 ||    31
 Cast: Magic Dart        |    84 |   191 |    19 ||   294
       Mephitic Cloud    |       |     4 |     2 ||     6
       Conjure Flame     |       |     3 |     7 ||    10
 Abil: Dig               |       |     5 |     1 ||     6
  Use: Scroll            |       |     3 |     2 ||     5
       Potion            |       |     1 |       ||     1
 Stab: Confused          |       |     1 |     1 ||     2
  Eat: Chunk             |     2 |    11 |     3 ||    16
       Ration            |       |       |     1 ||     1
Armor: Robe              |     6 |    23 |     2 ||    31
Dodge: Dodged            |    23 |    86 |     8 ||   117
